 Dungeon Crawl Stone Soup version 0.27-a0-1273-gec92ba881d (webtiles) character file.

Game seed: 18244142908980866807

105 mordus the Poker (level 4, -1/38 HPs)
             Began as a Draconian Monk on June 11, 2021.
             Killed from afar by Sigmund (6 damage)
             ... with a puff of flame
             ... on level 2 of the Dungeon.
             The game lasted 00:02:50 (2693 turns).

mordus the Poker (Draconian Monk)                   Turns: 2693, Time: 00:02:50

Health: -1/38      AC:  5    Str: 14    XL:     4   Next: 53%
Magic:  4/4        EV: 12    Int: 10    God:
Gold:   40         SH:  3    Dex: 14    Spells: 3/3 levels left

rFire    . . .     SeeInvis .   a - +0 spear
rCold    . . .     Faith    .   h - +0 buckler
rNeg     . . .     Spirit   .   (armour unavailable)
rPois    .         Reflect  .   i - +0 hat
rElec    .         Harm     .   (no cloak)
rCorr    .         Rampage  .   (no gloves)
Will     .....                  (no boots)
Stlth    ++........             (no amulet)
HPRegen  0.12/turn              (no ring)
MPRegen  0.09/turn              (no ring)

@: no status effects
A: AC +5, unfitting armour, cold-blooded
a: no special abilities


You were on level 2 of the Dungeon.
You visited 1 branch of the dungeon, and saw 2 of its levels.

You collected 40 gold pieces.

Inventory:

Hand Weapons
 a - a +0 spear (weapon)
Armour
 h - a +0 buckler (worn)
 i - a +0 hat (worn)
Jewellery
 b - a ring of magical power
Scrolls
 c - a scroll of enchant weapon {unknown}
 d - a scroll of noise {unknown}
 e - a scroll of fear {unknown}
 g - a scroll of blinking {unknown}
 l - a scroll of identify {unknown}
 m - a scroll of silence {unknown}
Potions
 f - a potion of haste {unknown}
 j - a potion of brilliance {unknown}
 k - a potion of curing {unknown}
 n - a potion of attraction {unknown}


   Skills:
 - Level 3.2 Fighting
 * Level 4.7 Polearms
 + Level 3.5 Dodging
 - Level 1.7 Stealth
 + Level 0.3 Shields


You had 3 spell levels left.
You didn't know any spells.
Your spell library was empty.

Dungeon Overview and Level Annotations

Branches:
Dungeon (2/15)

Altars:

Annotations:
D:2 Sigmund


Innate Abilities, Weirdness & Mutations

Your plain brown scales are hard. (AC +5)
You cannot fit into any form of body armour.
You are cold-blooded and may be slowed by cold attacks.


Message History

Sigmund is nearby!
There is a stone staircase leading up here.
Sigmund zaps a wand.
The puff of flame hits you. Sigmund gestures at you while chanting.
You resist with some effort.
There is a stone staircase leading up here.
Sigmund zaps a wand.
The puff of flame hits you!
Sigmund zaps a wand.
The puff of flame misses you.
You climb upwards.
There is a stone staircase leading down here.
You start resting.
HP restored.
You see here a +0 club.
There is a stone staircase leading down here.
You climb downwards.
Level annotation: Sigmund
There is a stone staircase leading up here.
There is a stone staircase leading down here.
m - a scroll labelled HESEOSTEEM You see here 6 poisoned darts.
n - a ruby potion You see here 21 stones.
Sigmund is nearby!
Sigmund shouts!
Sigmund zaps a wand.
The puff of flame misses you.
Sigmund points at you and mumbles some strange words.
You are confused.
Sigmund zaps a wand.
The puff of flame misses you.
Sigmund zaps a wand.
The puff of flame hits you! Sigmund gestures at you while chanting.
You are more confused.
Sigmund zaps a wand.
The puff of flame hits you. Sigmund casts a spell at you.
The puff of flame misses you.
You feel less confused.
Sigmund zaps a wand.
The puff of flame hits you!
Sigmund zaps a wand.
The puff of flame hits you!
* * * LOW HITPOINT WARNING * * *
Sigmund zaps a wand.
The puff of flame hits you.
You die...

#....##.####................#
####....## ##................
##....# #.(.............#
##.#.####...............#
#.#..#......(.........)#
##########.##...##...............
...............>##...............
................##.##.#..##......
................@..##.##.##......
......................#..........
..(..................##.......#.#
......................@.@....##.#
.............................#
................####.#......#...#
................####..........###
...........................#.##
#######.>......###..#.....>..#


You could see Sigmund.

Vanquished Creatures
  Terence (D:1)
  2 adders (D:2)
  2 worms (D:2)
  2 dart slugs
  2 ball pythons
  3 endoplasms (D:1)
  7 giant cockroaches
  3 goblins
  5 hobgoblins
  4 jackals (D:1)
  7 kobolds (D:1)
  A quokka (D:1)
  3 bats
  A frilled lizard (D:1)
  4 rats
47 creatures vanquished.

Notes
Turn   | Place    | Note
-------+----------+-------------------------------------------
     0 | D:1      | mordus the Draconian Monk began the quest for the Orb.
     0 | D:1      | Reached XP level 1. HP: 19/19 MP: 1/1
   112 | D:1      | Reached XP level 2. HP: 22/26 MP: 2/2
   256 | D:1      | Found a faded altar of an unknown god.
   512 | D:1      | Reached XP level 3. HP: 31/31 MP: 3/3
   642 | D:1      | Reached skill level 4 in Polearms
   963 | D:2      | Noticed Terence
  1002 | D:1      | Killed Terence
  1003 | D:1      | Reached XP level 4. HP: 11/38 MP: 4/4
  1439 | D:2      | Noticed Sigmund
  2693 | D:2      | Killed from afar by Sigmund

Illustrated notes

Levels and vault maps discovered:
D:1:      tarquinn_simple_flora_water_f, layout_rooms,
          shapermc_ecumenical_altar_mp_urbaneastern,
          hangedman_abyss_or_decor_lesser_grid
D:2:      layout_rooms, uniq_terence, uniq_sigmund, uniq_natasha

Skill      XL: |  1  2  3 |
---------------+----------+-----
Dodging        | 3 |  3.5
Polearms       | 4 |  4.7
Fighting       | |  3.2
Stealth        | |  1.7
Shields        | |  0.3

Action                   |  1- 3 |  4- 6 || total
-------------------------+-------+-------++-------
Melee: Spear             |   139 |    43 ||   182
       Tailslap          |    13 |     7 ||    20
 Stab: Sleeping          |     2 |     1 ||     3
Armor: Skin              |    42 |     9 ||    51
Dodge: Dodged            |    63 |    25 ||    88
Block: Buckler           |       |     7 ||     7

Table legend: (Time is in decaauts)
 A = Elapsed time spent in this place.
 B = Non-inter-level travel time spent in this place.
 C = Inter-level travel time spent in this place.
 D = Time resting spent in this place.
 E = Time spent auto-exploring this place.
 F = Levels seen in this place.
 G = Mean time per level.
                   A        B        C        D        E       F      G
               +--------+--------+--------+--------+--------+-----+--------+
         Total |   2687 |   2656 |     31 |   1019 |   1146 |   2 | 1343.5 |
       Dungeon |   2687 |   2656 |     31 |   1019 |   1146 |   2 | 1343.5 |
               +--------+--------+--------+--------+--------+-----+--------+

Top non-repeatable levels by time:
     D:1: 2065 daAuts
     D:2: 621 daAuts
